 Dungeon Crawl Stone Soup version 0.21.0-3-g78d12a8bdd (webtiles) character file.

5352 Hat the Cleaver (level 10, 0/90 HPs)
             Began as a Minotaur Fighter on Jan 17, 2018.
             Killed by vampiric draining
             ... invoked by a vampire
              (2 damage)
             ... on level 10 of the Dungeon.
             The game lasted 00:53:19 (7933 turns).

Hat the Cleaver (Minotaur Fighter)                  Turns: 7933, Time: 00:53:21

Health: 0/90       AC: 16    Str: 28    XL:     10   Next: 38%
Magic:  9/9        EV: 11    Int:  5    God:
Gold:   431        SH: 13    Dex: 15    Spells: 9/9 levels left

rFire    . . .     SeeInvis .   D - +4 hand axe (freeze)
rCold    + . .     Gourm    .   c - +1 shield
rNeg     . . .     Faith    .   x - +0 plate armour
rPois    .         Spirit   .   (helmet restricted)
rElec    .         Reflect  .   u - +0 cloak
rCorr    .         Harm     .   r - +0 pair of gloves
MR       .....                  (no boots)
Stlth    ..........             (no amulet)
HPRegen  0.25/turn              q - ring of protection from cold
MPRegen  0.11/turn              h - +4 ring of strength

@: agile
A: retaliatory headbutt, horns 2
a: no special abilities


You were on level 10 of the Dungeon.
You were hungry.

You visited 1 branch of the dungeon, and saw 10 of its levels.

You collected 431 gold pieces.

Inventory:

Hand Weapons
 D - a +4 hand axe of freezing (weapon)
Armour
 c - a +1 shield (worn)
 r - a +0 pair of gloves (worn)
 u - a +0 cloak (worn)
 x - a +0 plate armour (worn)
Jewellery
 h - a +4 ring of strength (right hand)
 q - a ring of protection from cold (left hand)
Wands
 g - a wand of digging (10)
 t - a wand of flame (32)
 w - a wand of polymorph (12)
 B - a wand of enslavement (19)
 C - a wand of disintegration (15)
 I - a wand of paralysis (21)
Scrolls
 b - a scroll of enchant weapon
 m - 7 scrolls of identify
 n - 4 scrolls of enchant armour
 o - a scroll of remove curse {unknown}
 z - 2 scrolls of amnesia {unknown}
 E - a scroll of magic mapping
Potions
 a - a potion of magic {unknown}
 d - 4 potions of might
 e - a potion of lignification {unknown}
 i - 2 potions of agility
 j - 2 potions of resistance
 l - 4 potions of degeneration
 p - a potion of haste
 s - a potion of curing
 F - a potion of brilliance {unknown}
 G - 2 potions of heal wounds
Books
 v - a book of Minor Magic

   Spells                             Type                      Level
   a - Magic Dart                     Conjuration                  1
   b - Blink                          Translocation                2
   c - Call Imp                       Summoning                    2
   d - Slow                           Hexes                        2
   e - Conjure Flame                  Conjuration/Fire             3
   f - Mephitic Cloud                 Conjuration/Poison/Air       3
 y - a book of Air

   Spells                             Type                      Level
   a - Shock                          Conjuration/Air              1
   b - Swiftness                      Charms/Air                   2
   c - Static Discharge               Conjuration/Air              3
   d - Airstrike                      Air                          4
   e - Lightning Bolt                 Conjuration/Air              5
 A - a book of Frost

   Spells                             Type                      Level
   a - Freeze                         Ice                          1
   b - Throw Frost                    Conjuration/Ice              2
   c - Ozocubu's Armour               Charms/Ice                   3
   d - Throw Icicle                   Conjuration/Ice              4
   e - Summon Ice Beast               Ice/Summoning                4
 H - a book of Power

   Spells                             Type                      Level
   a - Iskenderun's Battlesphere      Conjuration/Charms           5
   b - Venom Bolt                     Conjuration/Poison           5
   c - Bolt of Magma                  Conjuration/Fire/Earth       5
   d - Iron Shot                      Conjuration/Earth            6
   e - Orb of Destruction             Conjuration                  7
   f - Spellforged Servitor           Conjuration/Summoning        7
Comestibles
 f - 13 rations


   Skills:
 + Level 8.7 Fighting
 + Level 12.0 Axes
 + Level 9.0 Armour
 + Level 9.1 Shields


You had 9 spell levels left.
You didn't know any spells.

Dungeon Overview and Level Annotations

Branches:
Dungeon (11/15)            Temple (0/1) D:7
   Lair: D:8-11         Orc: D:9-12

Altars:
Gozag
Hepliaklqana
Nemelex Xobeh
Okawaru
Qazlal
Ru
Trog
Wu Jian

Shops:
D:4 [   D:7 =   D:10 *


Innate Abilities, Weirdness & Mutations

You reflexively headbutt those who attack you in melee.
You have a pair of horns on your head.


Message History

* * * LOW HITPOINT WARNING * * *
Something draws strength from your injuries!
You're too confused!
You feel agile all of a sudden. The wraith hits you but does no damage.
Something hits you but does no damage. Something bites you but does no damage.
You slash something! You freeze something. Your headbutt misses something.
You miss the wraith. The wraith closely misses you.
Something hits you but does no damage. Something bites you but does no damage.
You barely miss the wraith. You headbutt the wraith.
The wraith is moderately damaged.
You hit something. The wraith hits you but does no damage.
You slash the wraith! You freeze the wraith.
You headbutt the wraith, but do no damage.
The wraith is heavily damaged.
You hit something.
You feel less confused. You block the wraith's attack.
Unholy energy fills the air.
You die...

..............>#....#......# #.
...............#....#......# #.
...............#....#......# #.
...............#....#......#####.
...............'....#............
...............#....#............
...............######............
..............gW.............####
....)##########{@.#########..#...
.).).# #...# #..#... ...).# #..[#
#..#... .....# #...# #..#...
.....# #.### #..#... ###..# #.#
#..#... #..######## #.# #..####
#..##.....###.# #......
#..##......##.###########......


You could see a wraith and a gnoll.

Vanquished Creatures
  A two-headed ogre (D:7)
  An unseen horror (D:10)
  A troll (D:10)
  A hippogriff (D:7)
  Sigmund (D:3)
  A hungry ghost (D:10)
  Duvessa (D:7)
  An ice beast (D:10)
  3 orc warriors
  An ogre (D:10)
  2 sky beasts
  An eye of draining (D:10)
  2 phantoms
  2 centaurs
  A crocodile (D:10)
  4 bullfrogs
  Dowan (D:7)
  7 scorpions
  A water moccasin skeleton (D:6)
  3 killer bees (D:7)
  3 howler monkeys
  3 wights
  5 crimson imps
  3 hounds
  3 bullfrog skeletons (D:4)
  2 centaur skeletons (D:4)
  2 centaur zombies
  2 orc priests (D:3)
  Crazy Yiuf (D:2)
  2 jellies
  Terence (D:2)
  11 orc wizards
  4 worker ants
  A killer bee zombie (D:6)
  A hound zombie (D:5)
  A howler monkey skeleton (D:6)
  3 adders
  2 shadow imps
  3 oozes
  An adder skeleton (D:5)
  A worm (D:5)
  3 dart slugs
  5 leopard geckos
  37 orcs
  3 bats
  3 giant cockroaches
  A gnoll zombie (D:4)
  5 goblins
  4 hobgoblins
  11 jackals
  8 kobolds
  2 quokkas (D:3)
  5 frilled lizards
  2 leopard gecko skeletons
  A quokka zombie (D:6)
  8 rats
  A bush (D:2)
  3 fungi (D:2)
193 creatures vanquished.

Notes
Turn   | Place    | Note
-------+----------+-------------------------------------------
     0 | D:1      | Hat the Minotaur Fighter began the quest for the Orb.
     0 | D:1      | Reached XP level 1. HP: 19/19 MP: 0/0
   158 | D:1      | Reached XP level 2. HP: 22/27 MP: 1/1
   553 | D:2      | Found a faded altar of an unknown god.
   715 | D:3      | Reached XP level 3. HP: 30/33 MP: 2/2
   745 | D:4      | Found a sand-covered staircase.
   972 | D:3      | Reached skill level 3 in Axes
   977 | D:3      | Reached XP level 4. HP: 35/41 MP: 3/3
  1144 | D:3      | Reached skill level 4 in Axes
  1144 | D:3      | Reached XP level 5. HP: 35/47 MP: 4/4
  1276 | D:3      | Found a sparkling altar of Nemelex Xobeh.
  1376 | D:3      | Noticed Sigmund
  1885 | D:3      | Killed Sigmund
  1885 | D:3      | Reached skill level 5 in Axes
  1885 | D:3      | Reached skill level 5 in Armour
  1885 | D:3      | Reached XP level 6. HP: 42/53 MP: 5/5
  2000 | D:3      | Reached skill level 5 in Shields
  2043 | D:3      | Found an ornate altar of the Wu Jian Council.
  2311 | D:2      | Noticed Terence
  2321 | D:2      | Killed Terence
  2697 | D:2      | Found a runed door.
  2701 | D:2      | Noticed Crazy Yiuf
  2706 | D:2      | Killed Crazy Yiuf
  3088 | D:4      | Found Zixzio Bury's Armour Shop.
  3182 | D:4      | Reached skill level 5 in Fighting
  3182 | D:4      | Reached skill level 6 in Axes
  3182 | D:4      | Reached XP level 7. HP: 57/61 MP: 6/6
  3512 | D:4      | Found a stormy altar of Qazlal.
  3861 | D:5      | Entered Level 5 of the Dungeon
  3923 | D:5      | Reached skill level 7 in Axes
  4001 | D:5      | Found an iron altar of Okawaru.
  4262 | D:5      | Found a sacrificial altar of Ru.
  4324 | D:5      | Reached XP level 8. HP: 57/69 MP: 7/7
  4793 | D:6      | Reached skill level 8 in Axes
  5106 | D:6      | Reached skill level 9 in Axes
  5407 | D:6      | Found a bloodstained altar of Trog.
  5456 | D:7      | Noticed a two-headed ogre
  5458 | D:7      | Noticed Dowan
  5459 | D:7      | Noticed Duvessa
  5666 | D:7      | Reached XP level 9. HP: 14/78 MP: 8/8
  5755 | D:7      | Killed Duvessa
  5794 | D:7      | Killed Dowan
  6135 | D:7      | Found a staircase to the Ecumenical Temple.
  6142 | D:7      | Found a hazy altar of Hepliaklqana.
  6142 | D:7      | Found Toru Xee's Jewellery Emporium.
  6182 | D:7      | Reached skill level 10 in Axes
  6365 | D:7      | Killed a two-headed ogre
  6493 | D:7      | Reached skill level 11 in Axes
  6942 | D:7      | You fall through a shaft for 3 floors!
  6942 | D:10     | Entered Level 10 of the Dungeon
  7190 | D:10     | Reached XP level 10. HP: 88/88 MP: 9/9
  7291 | D:10     | Found an opulent altar of Gozag.
  7439 | D:10     | Found Ubysony's General Store.
  7481 | D:10     | Killed an unseen horror
  7647 | D:9      | Reached skill level 12 in Axes
  7928 | D:10     | HP: 1/90 [something (4)]
  7933 | D:10     | Killed from afar by a vampire

Skill      XL: |  1  2  3  4  5  6  7  8  9 10 |
---------------+-------------------------------+-----
Armour         | 4 5 6 7 8 9 |  9.0
Fighting       | 4 5 6 8 |  8.7
Shields        | 4 5 7 8 9 |  9.1
Axes           | 3 4 5 6 7 9 11 12 | 12.0

Action                   |  1- 3 |  4- 6 |  7- 9 | 10-12 || total
-------------------------+-------+-------+-------+-------++-------
Melee: War axe           |    66 |   161 |   112 |       ||   339
       Headbutt          |     7 |    47 |    57 |    21 ||   132
       Hand axe          |       |       |   178 |    95 ||   273
  Use: Potion            |       |     6 |     2 |     1 ||     9
       Scroll            |       |     5 |     5 |       ||    10
  Eat: Chunk             |       |     7 |    10 |     3 ||    20
       Ration            |       |       |     1 |       ||     1
Armor: Scale mail        |    29 |    34 |    55 |       ||   118
       Plate armour      |       |       |    48 |    83 ||   131
Dodge: Dodged            |    17 |    19 |    55 |    18 ||   109
Block: Shield            |    30 |    54 |   134 |    65 ||   283
